 Dungeon Sprint DCSS version 0.23.1 (webtiles) character file.

Game seed: 14207012661984702831

7 nuthulu the Shield-Bearer (level 1, -3/22 HPs)
             Began as a Minotaur Fighter on Mar 4, 2019.
             Slain by an ufetubus (4 damage)
             ... summoned by a neqoxec
             ... in the Dungeon (Sprint II: "The Violet Keep of Menkaure").
             The game lasted 00:00:22 (326 turns).

nuthulu the Shield-Bearer (Minotaur Fighter)         Turns: 326, Time: 00:00:22

Health: -3/22      AC:  7    Str: 25    XL:     1   Next: 83%
Magic:  0/0        EV:  7    Int: -1 (3) God:
Gold:   243        SH: 10    Dex:  9    Spells: 0/0 levels left

rFire    . . .     SeeInvis .   a - +0 war axe
rCold    . . .     Gourm    .   c - +0 shield
rNeg     . . .     Faith    .   b - +0 scale mail
rPois    .         Spirit   .   (helmet restricted)
rElec    .         Reflect  .   (no cloak)
rCorr    .         Harm     .   (no gloves)
MR       .....     NoTele   +   (no boots)
Stlth    ..........             (no amulet)
HPRegen  0.07/turn              (no ring)
MPRegen  0.07/turn              (no ring)

@: mighty, slowed, lost intelligence, very slow
A: retaliatory headbutt, horns 2, dopey 1, low mp 1
a: no special abilities


You were in the Dungeon.
You were not hungry.

You visited 1 branch You collected 243 gold pieces.

Inventory:

Hand Weapons
 a - a +0 war axe (weapon)
Armour
 b - a +0 scale mail (worn)
 c - a +0 shield (worn)
Scrolls
 k - a scroll of blinking
Potions
 e - a potion of curing
 g - a potion of heal wounds
 h - a potion of haste
 i - 2 potions of magic
 j - a potion of berserk rage
Comestibles
 f - a ration


   Skills:
 + Level 4.4 Fighting
 + Level 2.8 Axes
 + Level 4.3 Armour
 + Level 4.4 Shields


You couldn't memorise any spells.
You didn't know any spells.
Your spell library was empty.

Dungeon Overview and Level Annotations

Branches:
Dungeon (1/1)

Altars:


Innate Abilities, Weirdness & Mutations

You reflexively headbutt those who attack you in melee.
You have a pair of horns on your head.
You are dopey. (Int -2)
Your magical capacity is low. (-10% MP)


Message History

The neqoxec is heavily wounded.
You hit the iron imp. You hit the ufetubus.
The ufetubus hits you but does no damage.
You block the ufetubus's attack. The neqoxec hits you.
The neqoxec gestures.
The ufetubus hits you but does no damage.
The ufetubus hits you. You block the neqoxec's attack.
The iron imp hits you but does no damage.
The neqoxec gestures.
The ufetubus hits you. You block the ufetubus's attack. The neqoxec hits you!
* * * LOW HITPOINT WARNING * * *
You barely miss the neqoxec. You headbutt the neqoxec!
The neqoxec is severely wounded.
Your shield and scale mail prevent you from hitting the ufetubus.
You hit the iron imp.
The ufetubus hits you but does no damage.
You block the ufetubus's attack.
The ufetubus hits you but does no damage.
The ufetubus hits you.
You die... ### ### .a a. a#a

# #+# 5#
####5##55#
+##.'.5@33#
#...##.##3#
##.###+# 3#
### #


You could see 4 neqoxecs, 2 iron imps, a quasit and 2 ufetubi.

Vanquished Creatures
  2 worms (D)
2 creatures vanquished.

Vanquished Creatures (others)
  A crocodile (D)
1 creature vanquished.

Grand Total: 3 creatures vanquished

Notes
Turn   | Place    | Note
-------+----------+-------------------------------------------
     0 | D        | nuthulu the Minotaur Fighter began the quest for the Orb.
     0 | D        | Reached XP level 1. HP: 19/19 MP: 0/0
     9 | D        | HP: 1/20 [worm (2)]
    60 | D        | Killed a crocodile
   315 | D        | Noticed a worker ant
   315 | D        | Noticed a worker ant
   315 | D        | Noticed a worker ant
   315 | D        | Noticed a worker ant
   318 | D        | Noticed a neqoxec
   318 | D        | Noticed a neqoxec
   318 | D        | Noticed a neqoxec
   318 | D        | Noticed a neqoxec
   318 | D        | Gained mutation: You are dopey. (Int -2) [a neqoxec]
   319 | D        | Noticed a quasit
   322 | D        | Lost intelligence.
   324 | D        | Gained mutation: Your magical capacity is low. (-10% MP) [a
                  | neqoxec]
   325 | D        | Noticed an iron imp
   325 | D        | Noticed an iron imp
   325 | D        | HP: 1/22 [neqoxec (9)]
   326 | D        | Slain by an ufetubus

Skill      XL: |  1 |
---------------+----+-----
Fighting       | 4 |  4.4
Armour         | 4 |  4.3
Shields        | 4 |  4.4
Axes           | |  2.8

Action                   || total
-------------------------++-------
Melee: War axe           ||    11
       Headbutt          ||     6
  Use: Potion            ||     1
Armor: Scale mail        ||     8
Dodge: Dodged            ||     3
Block: Shield            ||     6
